 Seeded DCSS version 0.30-a0-930-gb9d0489357 (webtiles) character file.

Game seed: 17457649910997758288 (custom seed)

9359 mistaj the Spear-Bearer (level 11, 0/97 HPs)
             Began as a Merfolk Fighter on Mar 24, 2023.
             Was a High Priest of Okawaru.
             Slain by a ynoxinul (7 damage)
             ... summoned by an obsidian statue
             ... on level 10 of the Dungeon.
             The game lasted 00:14:20 (8224 turns).

mistaj the Spear-Bearer (Merfolk Fighter)           Turns: 8224, Time: 00:14:21

Health: 0/97       AC: 11    Str: 21    XL:     11   Next: 45%
Magic:  11/11      EV: 10    Int:  7    God:    Okawaru [*****.]
Gold:   578        SH: 11    Dex: 19    Spells: 10/10 levels left

rFire   . . .      SeeInvis .    a - +0 trident
rCold   . . .      Faith    .    c - +0 buckler
rNeg    + . .      Spirit   .    o - +9 plate armour "Puvvoabbiq" {Contam Regen+ rCorr Dex+5}
rPois   .          Reflect  +    b - +2 helmet
rElec   .          Rampage  .    (no cloak)
rCorr   +                        m - +2 pair of gloves
Will    .....                    I - +0 pair of boots Stlth
                                 y - amulet of reflection
HPRegen 1.16/turn                v - +5 ring of evasion
MPRegen 0.12/turn                s - ring of positive energy

@: corroded, mesmerised
A: (nimble swimmer 2), mertail, deterioration 1
a: Renounce Religion, Heroism, Finesse, Duel


You were on level 10 of the Dungeon.
You worshipped Okawaru.
Okawaru was extremely pleased with you.
You visited 2 branches of the dungeon, and saw 11 of its levels.

You collected 578 gold pieces.

Inventory:

Hand Weapons
 a - a +0 trident (weapon)
 k - a +1 halberd of venom
 C - a +0 glaive of venom
 N - a +1 war axe of flaming
Missiles
 L - 6 throwing nets (quivered)
Armour
 b - a +2 helmet (worn)
 c - a +0 buckler (worn)
 m - a +2 pair of gloves (worn)
 o - the +9 plate armour "Puvvoabbiq" (worn) {Contam Regen+ rCorr Dex+5}
   (You found it on level 2 of the Dungeon)

   Dex:       It affects your dexterity (+5).
   Contam:    It causes magical contamination when unequipped.
   Regen:     It increases your rate of health regeneration.
   rCorr:     It protects you from acid and corrosion.
 z - the +2 troll leather armour of Divine Compulsion {rC+++ Regen+}
   (Okawaru gifted it to you on level 10 of the Dungeon)

   rC:        It renders you almost immune to cold.
   Regen:     It increases your rate of health regeneration.
 I - a +0 pair of boots (worn)
Jewellery
 s - a ring of positive energy (right hand)
 v - a +5 ring of evasion (left hand)
 w - a ring of fire
 y - an amulet of reflection (around neck)
Wands
 i - a wand of paralysis (11)
 q - a wand of quicksilver (14)
 x - a wand of flame (30)
 A - a wand of iceblast (5)
 D - a wand of mindburst (7)
Scrolls
 g - 2 scrolls of immolation {unknown}
 j - 2 scrolls of fear {unknown}
 l - 4 scrolls of teleportation {unknown}
 n - 2 scrolls of summoning {unknown}
 r - 5 scrolls of fog {unknown}
 B - a scroll of magic mapping {unknown}
 E - 3 scrolls of poison {unknown}
 G - 4 scrolls of identify
 J - a scroll of enchant weapon
Potions
 d - 6 potions of might
 e - 7 potions of curing
 f - 3 potions of haste
 h - 3 potions of heal wounds
 p - 2 potions of lignification
 t - 2 potions of flight
 u - a potion of ambrosia
 F - a potion of invisibility
 H - a potion of berserk rage
 M - a potion of attraction {unknown}


   Skills:
 + Level 12.9 Fighting
 + Level 14.8 Polearms
 - Level 2.1 Armour
 - Level 7.7 Shields


You had 10 spell levels left.
You didn't know any spells.
Your spell library contained the following spells:

 Spells                   Type           Power      Damage    Failure   Level
 Blink                    Tloc           0%         N/A       100%        2
 Lesser Beckoning         Tloc           0%         N/A       100%        2
 Momentum Strike          Conj/Tloc      0%         3d8       100%        2
 Gell's Gravitas          Tloc           0%         N/A       100%        3
 Ozocubu's Armour         Ice            0%         N/A       100%        3
 Teleport Other           Tloc           0%         N/A       100%        3
 Blade Hands              Tmut           0%         N/A       100%        5
 Irradiate                Conj/Tmut      0%         3d11      100%        5
 Dragon Form              Tmut           0%         N/A       100%        7
 Ozocubu's Refrigeration  Ice            0%         4d7       100%        7


Dungeon Overview and Level Annotations

Branches:
Dungeon (10/15)            Temple (1/1) D:7            Lair (0/5) D:9
    Orc: D:9-12

Altars:
Ashenzari
Cheibriados
Dithmenos
Elyvilon
Fedhas
Gozag
Hepliaklqana
Kikubaaqudgha
Makhleb
Nemelex Xobeh
Okawaru
Qazlal
Ru
Sif Muna
Trog
Uskayaw
Vehumet
Wu Jian
Xom
Yredelemnul
Zin
The Shining One

Shops:
D:4 (

Portals:
Trove: D:10 (give +3 storm dragon scales)

Annotations:
D:10 exclusion: obsidian statue


Innate Abilities, Weirdness & Mutations

((You are very nimble when in or above water. (Stealth+, EV+, Speed+++)))
Your lower body shifts to a powerful aquatic tail in water.
Your body sometimes deteriorates upon taking damage.


Message History

The obsidian statue is almost destroyed.
The rust devil hits you.
* * * LOW HITPOINT WARNING * * *
The ynoxinul hits you but does no damage.
You block the neqoxec's attack.
The ufetubus hits you but does no damage.
You block the ufetubus's attack.
The quasit bites you but does no damage.
The quasit barely misses you. x2; You block the ufetubus's attack.
The ufetubus hits you but does no damage. x2
The ufetubus barely misses you.
You barely miss the obsidian statue.
The obsidian statue is almost destroyed.
The ufetubus barely misses you.
The ufetubus hits you but does no damage.
The rust devil hits you.
* * * LOW HITPOINT WARNING * * *
The rust devil corrodes you!
The ufetubus hits you but does no damage. x2
You block the ufetubus's attack.
The ufetubus hits you but does no damage.
The quasit closely misses you.
The quasit claws you but does no damage.
You block the quasit's attack.
The neqoxec hits you but does no damage.
The ynoxinul gestures.
You barely miss the obsidian statue.
The obsidian statue is almost destroyed.
The ufetubus disappears in a puff of smoke!
The ufetubus hits you but does no damage.
You block the ufetubus's attack. You block something's attack.
The ufetubus closely misses you. You block the ufetubus's attack.
You hit the obsidian statue but do no damage.
The obsidian statue is almost destroyed.
Something hits you.
* * * LOW HITPOINT WARNING * * *
The quasit misses you. The quasit barely misses you. x2
You block the rust devil's attack. The neqoxec barely misses you.
The ynoxinul hits you!
You die...

#...........####.#
#........~~.# #.#
#........~..####.######
#..........!..........#
#.......~~......5.....#
#........≈............#
#.......~~~..§.55.....#
#............5{535....#
##.............3@85....#
...............5545....#
##....####......5......#
#....# ##............#
#....# ##...........#
#....######...........#
#....#...............##
#####..###############
##..####


You could see an obsidian statue (mesmerising), a rust devil (summoned), a
neqoxec (summoned), a ynoxinul (summoned), a quasit (summoned), a crimson imp
(summoned), a white imp (summoned) and 8 ufetubi.

Vanquished Creatures
  Harold (D:9)
  3 two-headed ogres
  Pikel (D:4)
  A rime drake (D:9)
  2 polar bears (D:9)
  3 hornets
  2 wraiths
  6 yaks (D:9)
  A basilisk (D:10)
  A wyvern (D:9)
  2 steam dragons
  2 water moccasins (D:8)
  3 black bears
  An ice beast (D:4)
  An ogre (D:7)
  3 orc warriors
  3 centaurs
  2 wolves (D:9)
  2 kobold brigands
  A phantom (D:5)
  A bullfrog (D:6)
  3 scorpions
  10 wights
  4 killer bees (D:9)
  2 howler monkeys (D:9)
  An electric eel (D:10)
  4 hounds
  6 orc priests
  2 gnoll boudas
  2 sleepcaps
  3 iguanas
  7 orc wizards
  A bullfrog simulacrum (D:4)
  2 scorpion simulacra (D:4)
  The ghost of relicbr the Sneak, a weakling SpDe of Dithmenos (D:4)
  Robin (D:2)
  5 adders
  11 gnolls
  A hound simulacrum (D:4)
  3 white imps
  An ufetubus (D:7)
  A worm (D:2)
  5 dart slugs
  29 orcs
  5 bats
  5 endoplasms
  2 giant cockroaches
  12 goblins
  7 hobgoblins
  16 kobolds
  4 quokkas
  4 ball pythons
  4 frilled lizards
  7 rats
213 creatures vanquished.

Notes
Turn   | Place    | Note
-------+----------+-------------------------------------------
     0 | D:1      | mistaj the Merfolk Fighter began the quest for the Orb.
     0 | D:1      | Reached XP level 1. HP: 18/18 MP: 1/1
    99 | D:1      | Reached skill level 3 in Polearms
   104 | D:1      | Reached XP level 2. HP: 20/24 MP: 2/2
   364 | D:1      | Reached XP level 3. HP: 30/30 MP: 3/3
   890 | D:2      | Identified the +9 plate armour "Puvvoabbiq" {Contam Regen+
                  | rCorr Dex+5}
  1242 | D:2      | Noticed Robin
  1259 | D:2      | Killed Robin
  1260 | D:2      | Reached XP level 4. HP: 31/37 MP: 4/4
  1340 | D:2      | Reached skill level 4 in Polearms
  1651 | D:3      | Reached XP level 5. HP: 34/43 MP: 5/5
  2072 | D:3      | Found a sparkling altar of Nemelex Xobeh.
  2190 | D:4      | Reached skill level 5 in Fighting
  2190 | D:4      | Reached skill level 5 in Polearms
  2190 | D:4      | Reached XP level 6. HP: 51/51 MP: 6/6
  2289 | D:4      | Found Vaivialu's Weapon Shop.
  2306 | D:4      | Found a radiant altar of Vehumet.
  2355 | D:4      | Found a bloodstained altar of Trog.
  2355 | D:4      | Noticed a black bear
  2375 | D:4      | Killed a black bear
  2380 | D:4      | Noticed a black bear
  2390 | D:4      | Killed a black bear
  2391 | D:4      | Reached skill level 6 in Polearms
  2391 | D:4      | Reached skill level 5 in Shields
  2391 | D:4      | Reached XP level 7. HP: 57/57 MP: 7/7
  2473 | D:4      | Found a shimmering blue altar of Sif Muna.
  2582 | D:4      | Noticed Pikel
  2608 | D:4      | Killed Pikel
  2609 | D:4      | Reached skill level 7 in Polearms
  2609 | D:4      | Reached XP level 8. HP: 62/65 MP: 8/8
  2639 | D:4      | Found a runed translucent gate.
  2643 | D:4      | Found a runed translucent gate.
  2644 | D:4      | Found a runed translucent gate.
  2787 | D:4      | Noticed relicbr's ghost (weakling SpDe)
  2805 | D:4      | Killed relicbr's ghost
  3013 | D:5      | Entered Level 5 of the Dungeon
  3140 | D:5      | You fall into a shaft and drop 3 floors!
  3187 | D:8      | Reached skill level 8 in Polearms
  3390 | D:7      | Found a staircase to the Ecumenical Temple.
  3403 | Temple   | Entered the Ecumenical Temple
  3420 | Temple   | Became a worshipper of Warmaster Okawaru
  3561 | D:7      | Reached XP level 9. HP: 60/73 MP: 9/9
  3573 | D:7      | Reached skill level 9 in Polearms
  4521 | D:6      | Reached * piety under Okawaru
  4651 | D:6      | Found a glowing silver altar of Zin.
  4966 | D:7      | Reached skill level 10 in Polearms
  5297 | D:8      | Noticed a hornet
  5318 | D:8      | Killed a hornet
  5318 | D:8      | Reached ** piety under Okawaru
  5823 | D:8      | Reached skill level 11 in Polearms
  5848 | D:8      | Reached XP level 10. HP: 84/84 MP: 10/10
  6036 | D:8      | Paralysed by a hornet for 2 turns
  6049 | D:8      | Reached skill level 10 in Fighting
  6203 | D:9      | Found an ancient bone altar of Kikubaaqudgha.
  6302 | D:9      | Reached skill level 12 in Polearms
  6311 | D:9      | Reached *** piety under Okawaru
  6526 | D:9      | Reached skill level 13 in Polearms
  6534 | D:9      | Reached **** piety under Okawaru
  6569 | D:9      | Found a staircase to the Lair.
  6619 | D:9      | Noticed a two-headed ogre
  6644 | D:9      | Killed a two-headed ogre
  6898 | D:9      | Noticed Harold
  6933 | D:9      | Killed Harold
  6933 | D:9      | Reached ***** piety under Okawaru
  6934 | D:9      | Reached skill level 14 in Polearms
  6934 | D:9      | Reached XP level 11. HP: 91/95 MP: 11/11
  7215 | D:10     | Entered Level 10 of the Dungeon
  7278 | D:10     | Paralysed by a hornet for 1 turns
  7329 | D:10     | Found a portal to a secret trove of treasure.
  7592 | D:10     | Noticed a two-headed ogre
  7611 | D:10     | Killed a two-headed ogre
  7612 | D:10     | Noticed a two-headed ogre
  7627 | D:10     | Killed a two-headed ogre
  7773 | D:10     | Noticed an obsidian statue
  7825 | D:10     | Identified the +2 troll leather armour of Divine Compulsion
                  | {rC+++ Regen+} (Okawaru gifted it to you on level 10 of the
                  | Dungeon)
  7825 | D:10     | Received a gift from Okawaru
  8203 | D:10     | Gained mutation: Your body sometimes deteriorates upon
                  | taking damage. [a neqoxec]
  8224 | D:10     | Slain by a ynoxinul

Illustrated notes

Levels and vault maps discovered:
D:1:      moated_graveyard_arrival, layout_loops_ring, grunt_decor_resistance
D:2:      layout_rooms, columned_hall_lemuel, st_stairs_3,
          minmay_misc_feat_ornament, minmay_split_cup_small, uniq_robin
D:3:      cheibrodos_pilgrimage, layout_basic, marbit_many_paths
D:4:      layout_loops_ring, trog_ov_bears_minmay, fiery_altar_vehumet,
          kennysheep_orc_sif_temple, portal_sewer_entry_e, gammafunk_ghost_icy,
          nicolae_take_the_stairs, uniq_pikel
D:5:      layout_layer_cave
D:6:      layout_rooms, kennysheep_mini, st_stairs_6
D:7:      layout_rooms, minmay_temple_entry_mist, corexii_corridor_pit
D:8:      layout_rooms, hellmonk_bongcloud_opening
D:9:      layout_loops_ring, kiku_gazebo_garden_becter, hellmonk_lair_entry_icy,
          uniq_harold
D:10:     layout_basic, nicolae_trove_entry_free_sample, nrook_mini_vaults,
          kennysheep_cross_bottleneck, minivault_16
Temple:   lightli_temple_of_artemis

Skill      XL: |  1  2  3  4  5  6  7  8  9 10 |
---------------+-------------------------------+-----
Polearms       | 3 4 5 6 7 8 11 14 | 14.8
Fighting       | 4 5 6 7 9 12 | 12.9
Shields        | 4 5 6 7 |  7.7
Armour         | |  2.1

Action                     |  1- 3 |  4- 6 |  7- 9 | 10-12 || total
---------------------------+-------+-------+-------+-------++-------
  Melee: Trident           |   132 |   152 |   441 |   436 ||  1161
         Tailslap          |       |       |     3 |       ||     3
    Use: Scroll            |       |       |     7 |     7 ||    14
   Stab: Held in net/web   |       |       |       |     3 ||     3
 Armour: Scale mail        |    51 |       |       |       ||    51
         Plate armour      |    16 |   114 |   181 |   189 ||   500
  Dodge: Dodged            |    30 |    32 |   101 |   136 ||   299
  Block: Buckler           |    19 |    34 |   171 |   208 ||   432
         Reflection        |       |       |     1 |     5 ||     6

Table legend: (Time is in decaauts)
 A = Elapsed time spent in this place.
 B = Non-inter-level travel time spent in this place.
 C = Inter-level travel time spent in this place.
 D = Time resting spent in this place.
 E = Time spent auto-exploring this place.
 F = Levels seen in this place.
 G = Mean time per level.
                   A        B        C        D        E       F      G
               +--------+--------+--------+--------+--------+-----+--------+
         Total |   8082 |   7823 |    259 |   1102 |   4348 |  11 |  734.7 |
       Dungeon |   8047 |   7804 |    243 |   1102 |   4348 |  10 |  804.7 |
        Temple |     34 |     18 |     16 |      0 |      0 |   1 |   34.0 |
               +--------+--------+--------+--------+--------+-----+--------+

Top non-repeatable levels by time:
     D:8: 1150 daAuts
     D:9: 962 daAuts
    D:10: 958 daAuts
     D:5: 849 daAuts
     D:4: 835 daAuts
     D:1: 769 daAuts
     D:2: 756 daAuts
     D:3: 681 daAuts
     D:7: 588 daAuts
     D:6: 495 daAuts
  Temple: 34 daAuts
